TOP OF THE 1ST |
University of North Carolina at Chapel Hill Tar Heels batting - Pitching for University of Arizona Wildcats : RHP Cliff Peters
|
Pitching: RHP Cliff Peters
|
|
Batting: LHB Timotheus Young
|
0-0: Called Strike 0-1: Foul Ball, location: 2F 0-2: Strikes out swinging
|
Batting: RHB Cesar Rendon
|
0-0: Ball 1-0: Called Strike 1-1: Called Strike 1-2: Fly out, F8 (Line Drive, 8RD, EV 85.0 MPH)
|
Batting: RHB Mo Tsang
|
0-0: Called Strike 0-1: Called Strike 0-2: Ball 1-2: Strikes out swinging
|
Top of the 1st over - 0 runs, 0 hits, 0 errors, 0 left on base; University of North Carolina at Chapel Hill 0 - University of Arizona 0 |
BOTTOM OF THE 1ST |
University of Arizona Wildcats batting - Pitching for University of North Carolina at Chapel Hill Tar Heels : RHP Josh Reynolds
|
Pitching: RHP Josh Reynolds
|
|
Batting: RHB Daniel Wise
|
0-0: Foul Ball, location: 2F 0-1: Foul Ball, location: 2F 0-2: Ball 1-2: Ball 2-2: Fly out, F4 (Line Drive, 4, EV 69.4 MPH)
|
Batting: RHB Al Blanchard
|
0-0: Foul Ball, location: 2F 0-1: Ball 1-1: Ball 2-1: Swinging Strike 2-2: Ball 3-2: Strikes out swinging
|
Batting: SHB Eric Kelley
|
0-0: Foul Ball, location: 2F 0-1: Ball 1-1: Ball 2-1: Fly out, F7 (Flyball, 78M, EV 89.4 MPH)
|
Bottom of the 1st over - 0 runs, 0 hits, 0 errors, 0 left on base; University of North Carolina at Chapel Hill 0 - University of Arizona 0 |
TOP OF THE 2ND |
University of North Carolina at Chapel Hill Tar Heels batting - Pitching for University of Arizona Wildcats : RHP Cliff Peters
|
Batting: LHB Ramon Garduno
|
0-0: Reached via error on a dropped throw from 1B, E1 (Groundball, 34, EV 103.8 MPH)
|
Batting: LHB Danny de Leon
|
0-0: Ball 1-0: Fielders Choice at 2nd, 3-6 (Groundball, 3, EV 100.0 MPH)
|
Batting: SHB Dan Strickland
|
0-0: Called Strike 0-1: DOUBLE (Line Drive, 3D, EV 98.8 MPH) Danny de Leon to third
|
Batting: RHB Juan Medina
|
0-0: Ground out 6-3 (Groundball, 6, EV 106.2 MPH) Danny de Leon scores
|
Batting: RHB Akira Kubo
|
0-0: Ground out 2-3 (Groundball, 2R, EV 68.1 MPH)
|
Top of the 2nd over - 1 run, 1 hit, 1 error, 1 left on base; University of North Carolina at Chapel Hill 1 - University of Arizona 0 |
BOTTOM OF THE 2ND |
University of Arizona Wildcats batting - Pitching for University of North Carolina at Chapel Hill Tar Heels : RHP Josh Reynolds
|
Batting: RHB Costantino Dolfini
|
0-0: Called Strike 0-1: Foul Ball, location: 2F 0-2: Ball 1-2: Foul Ball, location: 2F 1-2: Strikes out swinging
|
Batting: RHB Arnaud Derosiers
|
0-0: Called Strike 0-1: SINGLE (Line Drive, 89M, EV 92.5 MPH)
|
Batting: RHB Matt Peddle
|
0-0: Called Strike 0-1: Swinging Strike 0-2: Grounds into double play, 4-6-3 (Groundball, 4, EV 110.6 MPH)
|
Bottom of the 2nd over - 0 runs, 1 hit, 0 errors, 0 left on base; University of North Carolina at Chapel Hill 1 - University of Arizona 0 |
TOP OF THE 3RD |
University of North Carolina at Chapel Hill Tar Heels batting - Pitching for University of Arizona Wildcats : RHP Cliff Peters
|
Batting: RHB Juan Casillas
|
0-0: Called Strike 0-1: Ground out 6-3 (Groundball, 6, EV 103.1 MPH)
|
Batting: LHB Timotheus Young
|
0-0: SINGLE (Flyball, 34D, EV 81.9 MPH)
|
Batting: RHB Cesar Rendon
|
0-0: Ball 1-0: SINGLE (Line Drive, 9S, EV 85.0 MPH) Timotheus Young to second Runner from 2nd tries for 3rd, SAFE, throw by RF made to third
|
Batting: RHB Mo Tsang
|
0-0: Foul Ball, location: 2F 0-1: Foul Ball, location: 2F 0-2: Strikes out swinging
|
Batting: LHB Ramon Garduno
|
0-0: Ground out 3-1 (Groundball, 34S, EV 86.2 MPH)
|
Top of the 3rd over - 0 runs, 2 hits, 0 errors, 2 left on base; University of North Carolina at Chapel Hill 1 - University of Arizona 0 |
BOTTOM OF THE 3RD |
University of Arizona Wildcats batting - Pitching for University of North Carolina at Chapel Hill Tar Heels : RHP Josh Reynolds
|
Batting: RHB Robbie Gautreaux
|
0-0: Ball 1-0: Swinging Strike 1-1: Ball 2-1: Ball 3-1: Fly out, F3 (Popup, 34, EV 60.6 MPH)
|
Batting: RHB Jesus Diego
|
0-0: Ball 1-0: Ball 2-0: Hit by Pitch
|
Batting: RHB Zion Campbell
|
0-0: SINGLE (Flyball, 6MD, EV 92.5 MPH) Jesus Diego to second
|
Batting: RHB Daniel Wise
|
0-0: Fielders Choice at 2nd, 6-4 (Groundball, 6, EV 94.4 MPH) Jesus Diego to third
|
Batting: RHB Al Blanchard
|
0-0: Foul Ball, location: 2F 0-1: Ball 1-1: Foul Ball, location: 2F 1-2: Foul Ball, location: 2F 1-2: Ball 2-2: Foul Ball, location: 2F 2-2: Strikes out looking
|
Bottom of the 3rd over - 0 runs, 1 hit, 0 errors, 2 left on base; University of North Carolina at Chapel Hill 1 - University of Arizona 0 |
TOP OF THE 4TH |
University of North Carolina at Chapel Hill Tar Heels batting - Pitching for University of Arizona Wildcats : RHP Cliff Peters
|
Batting: LHB Danny de Leon
|
0-0: Foul Ball, location: 2F 0-1: Swinging Strike 0-2: Strikes out swinging
|
Batting: SHB Dan Strickland
|
0-0: Ball 1-0: Swinging Strike 1-1: Ground out 4-3 (Groundball, 4, EV 85.6 MPH)
|
Batting: RHB Juan Medina
|
0-0: Ball 1-0: Swinging Strike 1-1: Ground out U3 (Groundball, 3, EV 84.4 MPH)
|
Top of the 4th over - 0 runs, 0 hits, 0 errors, 0 left on base; University of North Carolina at Chapel Hill 1 - University of Arizona 0 |
BOTTOM OF THE 4TH |
University of Arizona Wildcats batting - Pitching for University of North Carolina at Chapel Hill Tar Heels : RHP Josh Reynolds
|
Batting: SHB Eric Kelley
|
0-0: Ball 1-0: Ball 2-0: Ball 3-0: Called Strike 3-1: SINGLE (Line Drive, 8RS, EV 95.6 MPH)
|
Batting: RHB Costantino Dolfini
|
0-0: Called Strike 0-1: Ball 1-1: Ball 2-1: Foul Ball, location: 2F 2-2: Grounds into double play, 5-4-3 (Groundball, 5, EV 98.8 MPH)
|
Batting: RHB Arnaud Derosiers
|
0-0: Ball 1-0: Ground out 5-3 (Groundball, 5D, EV 87.5 MPH)
|
Bottom of the 4th over - 0 runs, 1 hit, 0 errors, 0 left on base; University of North Carolina at Chapel Hill 1 - University of Arizona 0 |
TOP OF THE 5TH |
University of North Carolina at Chapel Hill Tar Heels batting - Pitching for University of Arizona Wildcats : RHP Cliff Peters
|
Batting: RHB Akira Kubo
|
0-0: Ball 1-0: Fly out, F8 (Flyball, 8RD, EV 88.8 MPH)
|
Batting: RHB Juan Casillas
|
0-0: Ball 1-0: Fly out, F4 (Popup, 23, EV 88.8 MPH)
|
Batting: LHB Timotheus Young
|
0-0: Called Strike 0-1: Ball 1-1: Foul Ball, location: 2F 1-2: Ball 2-2: Ball 3-2: Ground out 3-1 (Groundball, 34, EV 106.2 MPH)
|
Top of the 5th over - 0 runs, 0 hits, 0 errors, 0 left on base; University of North Carolina at Chapel Hill 1 - University of Arizona 0 |
BOTTOM OF THE 5TH |
University of Arizona Wildcats batting - Pitching for University of North Carolina at Chapel Hill Tar Heels : RHP Josh Reynolds
|
Batting: RHB Matt Peddle
|
0-0: Called Strike 0-1: Called Strike 0-2: Ball 1-2: Ball 2-2: Fly out, F8 (Flyball, 8RXD, EV 95.0 MPH)
|
Batting: RHB Robbie Gautreaux
|
0-0: Ball 1-0: Ground out 5-3 (Groundball, 56, EV 101.2 MPH)
|
Batting: RHB Jesus Diego
|
0-0: SINGLE (Groundball, 6MD, EV 105.6 MPH)
|
Batting: RHB Zion Campbell
|
0-0: Ball 1-0: Ball 2-0: Called Strike 2-1: Foul Ball, location: 2F 2-2: SINGLE (Groundball, 13, EV 86.2 MPH) (infield hit) Jesus Diego to second
|
Batting: RHB Daniel Wise
|
0-0: Fly out, F9 (Flyball, 9S, EV 86.2 MPH)
|
Bottom of the 5th over - 0 runs, 2 hits, 0 errors, 2 left on base; University of North Carolina at Chapel Hill 1 - University of Arizona 0 |
TOP OF THE 6TH |
University of North Carolina at Chapel Hill Tar Heels batting - Pitching for University of Arizona Wildcats : RHP Cliff Peters
|
Batting: RHB Cesar Rendon
|
0-0: Ball 1-0: Foul Ball, location: 2F 1-1: Ground out 4-3 (Groundball, 4, EV 108.8 MPH)
|
Batting: RHB Mo Tsang
|
0-0: Ball 1-0: Swinging Strike 1-1: Fly out, F9 (Flyball, 89D, EV 109.4 MPH)
|
Batting: LHB Ramon Garduno
|
0-0: Ball 1-0: Foul Ball, location: 2F 1-1: Foul Ball, location: 2F 1-2: Foul Ball, location: 2F 1-2: Ball 2-2: Strikes out swinging
|
Top of the 6th over - 0 runs, 0 hits, 0 errors, 0 left on base; University of North Carolina at Chapel Hill 1 - University of Arizona 0 |
BOTTOM OF THE 6TH |
University of Arizona Wildcats batting - Pitching for University of North Carolina at Chapel Hill Tar Heels : RHP Josh Reynolds
|
Batting: RHB Al Blanchard
|
0-0: SOLO HOME RUN (Line Drive, 78XD, EV 106.9 MPH), Distance : 412 ft
|
Batting: SHB Eric Kelley
|
0-0: Ball 1-0: Ball 2-0: Called Strike 2-1: Foul Ball, location: 2F 2-2: Foul Ball, location: 2F 2-2: Foul Ball, location: 2F 2-2: Foul Ball, location: 2F 2-2: Strikes out swinging
|
Pitching: LHP Mike Pierce
|
|
Batting: RHB Costantino Dolfini
|
0-0: Ball 1-0: Foul Ball, location: 2F 1-1: Ball 2-1: SOLO HOME RUN (Flyball, 9D, EV 99.4 MPH), Distance : 370 ft
|
Batting: RHB Arnaud Derosiers
|
0-0: SINGLE (Line Drive, 3D, EV 103.8 MPH)
|
Batting: RHB Matt Peddle
|
0-0: Called Strike 0-1: Ball 1-1: Ball 2-1: Fly out, F1 (Popup, 13, EV 84.4 MPH)
|
Batting: RHB Robbie Gautreaux
|
0-0: Called Strike 0-1: Ball 1-1: Foul Ball, location: 2F 1-2: Ball 2-2: Fielders Choice at 2nd, 6-4 (Groundball, 6, EV 83.8 MPH)
|
Bottom of the 6th over - 2 runs, 3 hits, 0 errors, 1 left on base; University of North Carolina at Chapel Hill 1 - University of Arizona 2 |
TOP OF THE 7TH |
University of North Carolina at Chapel Hill Tar Heels batting - Pitching for University of Arizona Wildcats : RHP Cliff Peters
|
Batting: LHB Danny de Leon
|
0-0: Called Strike 0-1: Ball 1-1: Ball 2-1: SINGLE (Groundball, 34D, EV 97.5 MPH)
|
Batting: SHB Dan Strickland
|
0-0: Ball 1-0: Swinging Strike 1-1: Ball 2-1: Bunted foul 2-2: Strikes out swinging
|
Batting: RHB John Norton
|
0-0: Swinging Strike 0-1: Foul Ball, location: 2F 0-2: Foul Ball, location: 2F 0-2: Strikes out looking
|
Batting: RHB Akira Kubo
|
0-0: Ball 1-0: Foul Ball, location: 2F 1-1: Fielders Choice at 2nd, 6-4 (Groundball, 6, EV 83.1 MPH)
|
Top of the 7th over - 0 runs, 1 hit, 0 errors, 1 left on base; University of North Carolina at Chapel Hill 1 - University of Arizona 2 |
BOTTOM OF THE 7TH |
University of Arizona Wildcats batting - Pitching for University of North Carolina at Chapel Hill Tar Heels : LHP Mike Pierce
|
Batting: RHB Jesus Diego
|
0-0: Ball 1-0: Ball 2-0: Called Strike 2-1: Foul Ball, location: 2F 2-2: Fly out, F8 (Flyball, 8RS, EV 91.2 MPH)
|
Batting: RHB Zion Campbell
|
0-0: SINGLE (Line Drive, 5D, EV 96.2 MPH)
|
Batting: RHB Daniel Wise
|
0-0: Swinging Strike 0-1: SINGLE (Groundball, 4, EV 98.8 MPH) Zion Campbell to second Runner from 2nd tries for 3rd, OUT! 8-5
|
Batting: RHB Al Blanchard
|
0-0: Reached on error, E4 (Groundball, 34, EV 105.6 MPH) Daniel Wise to second
|
Batting: SHB Eric Kelley
|
0-0: Foul Ball, location: 2F 0-1: Ball 1-1: Ball 2-1: Foul Ball, location: 2F 2-2: Ball 3-2: Base on Balls Daniel Wise to third Al Blanchard to second
|
Pitching: RHP Zong-yuan Xue
|
|
Batting: RHB Costantino Dolfini
|
0-0: Foul Ball, location: 2F 0-1: Ball 1-1: Foul Ball, location: 2F 1-2: Fielders Choice at 2nd, 6-4 (Groundball, 6, EV 110.6 MPH)
|
Bottom of the 7th over - 0 runs, 2 hits, 1 error, 3 left on base; University of North Carolina at Chapel Hill 1 - University of Arizona 2 |
TOP OF THE 8TH |
University of North Carolina at Chapel Hill Tar Heels batting - Pitching for University of Arizona Wildcats : RHP Cliff Peters
|
Batting: RHB Juan Casillas
|
0-0: Called Strike 0-1: Foul Ball, location: 2F 0-2: Ball 1-2: Foul Ball, location: 2F 1-2: Ball 2-2: Strikes out swinging
|
Pitching: LHP David Zuniga
|
|
Batting: LHB Timotheus Young
|
0-0: Called Strike 0-1: Called Strike 0-2: Ball 1-2: DOUBLE (Flyball, 78XD, EV 103.1 MPH)
|
Batting: RHB Cesar Rendon
|
0-0: Ball 1-0: Ball 2-0: Ball 3-0: Base on Balls
|
Batting: RHB Mo Tsang
|
0-0: Swinging Strike 0-1: Ball 1-1: Swinging Strike 1-2: Ball 2-2: Foul Ball, location: 2F 2-2: SINGLE (Groundball, 56D, EV 110.0 MPH) Timotheus Young to third Cesar Rendon to second Runner from 3rd tries for Home, SAFE, throw by LF to home
|
Pinch Hitting: RHB R.J. Gomez
|
0-0: Ball 1-0: Swinging Strike 1-1: Ball 2-1: Swinging Strike 2-2: Foul Ball, location: 2F 2-2: Ball 3-2: Base on Balls Cesar Rendon to third Mo Tsang to second
|
Batting: LHB Danny de Leon
|
0-0: Ball 1-0: GRAND SLAM HOME RUN (Flyball, 78XD, EV 103.8 MPH), Distance : 401 ft
|
Pitching: RHP Tom Frost
|
|
Batting: SHB Dan Strickland
|
0-0: Ball 1-0: Ball 2-0: Ground out 5-3 (Groundball, 56, EV 103.8 MPH)
|
Batting: RHB John Norton
|
0-0: Ball 1-0: Ball 2-0: Ball 3-0: Called Strike 3-1: Ground out 6-3 (Groundball, 6S, EV 75.0 MPH)
|
Top of the 8th over - 5 runs, 3 hits, 0 errors, 0 left on base; University of North Carolina at Chapel Hill 6 - University of Arizona 2 |
BOTTOM OF THE 8TH |
University of Arizona Wildcats batting - Pitching for University of North Carolina at Chapel Hill Tar Heels : RHP Zong-yuan Xue
|
Now at 1B: Bill Rhodes
|
|
Batting: RHB Arnaud Derosiers
|
0-0: Ground out 6-3 (Groundball, 6, EV 86.9 MPH)
|
Pitching: RHP Brian Jarrett
|
|
Batting: RHB Matt Peddle
|
0-0: Called Strike 0-1: Ball 1-1: Ball 2-1: DOUBLE (Line Drive, 5D, EV 105.0 MPH)
|
Pinch Hitting: RHB Melvin Nava
|
0-0: Ball 1-0: Fly out, F8 (Flyball, 78M, EV 91.9 MPH)
|
Batting: RHB David Powell
|
0-0: Ball 1-0: Swinging Strike 1-1: Ball 2-1: Swinging Strike 2-2: Strikes out looking
|
Bottom of the 8th over - 0 runs, 1 hit, 0 errors, 1 left on base; University of North Carolina at Chapel Hill 6 - University of Arizona 2 |
TOP OF THE 9TH |
University of North Carolina at Chapel Hill Tar Heels batting - Pitching for University of Arizona Wildcats : RHP Tom Frost
|
Now at 2B: Melvin Nava
|
|
Batting: RHB Akira Kubo
|
0-0: Fly out, F8 (Line Drive, 8LD, EV 98.8 MPH)
|
Batting: RHB Juan Casillas
|
0-0: Ball 1-0: Ball 2-0: Ball 3-0: Called Strike 3-1: Base on Balls
|
Batting: LHB Timotheus Young
|
0-0: Ball 1-0: Ball 2-0: Swinging Strike 2-1: Ball 3-1: Base on Balls Juan Casillas to second
|
Batting: RHB Cesar Rendon
|
0-0: Called Strike 0-1: Ball 1-1: Grounds into double play, 4-6-3 (Groundball, 4M, EV 88.8 MPH)
|
Top of the 9th over - 0 runs, 0 hits, 0 errors, 1 left on base; University of North Carolina at Chapel Hill 6 - University of Arizona 2 |
BOTTOM OF THE 9TH |
University of Arizona Wildcats batting - Pitching for University of North Carolina at Chapel Hill Tar Heels : RHP Brian Jarrett
|
Batting: RHB Zion Campbell
|
0-0: Foul Ball, location: 2F 0-1: SINGLE (Groundball, 6D, EV 105.0 MPH)
|
Batting: RHB Daniel Wise
|
0-0: Ball 1-0: SINGLE (Line Drive, 89S, EV 93.1 MPH) Zion Campbell to second
|
Pitching: LHP Sam Davis
|
|
Batting: RHB Al Blanchard
|
0-0: SINGLE (Groundball, 3S, EV 75.0 MPH) (infield hit) Zion Campbell to third Daniel Wise to second
|
Batting: SHB Eric Kelley
|
0-0: Called Strike 0-1: Ball 1-1: Called Strike 1-2: Strikes out looking
|
Batting: RHB Costantino Dolfini
|
0-0: Grounds into double play, 4-6-3 (Groundball, 4MS, EV 85.6 MPH)
|
Bottom of the 9th over - 0 runs, 3 hits, 0 errors, 2 left on base; University of North Carolina at Chapel Hill 6 - University of Arizona 2 |
|